 Dungeon Crawl Stone Soup version 0.31.0 (webtiles) character file.

Game seed: 4471867394791399181

544 Esekla the Covert (level 7, -3/48 HPs)
             Began as an Octopode Delver on Jan 19, 2024.
             Was an Initiate of Gozag.
             Slain by a kobold
             ... wielding a +0 spear
              (5 damage)
             ... on level 3 of the Dungeon.
             The game lasted 00:17:41 (3408 turns).

Esekla the Covert (Octopode Delver)                 Turns: 3408, Time: 00:17:41

Health: -3/48      AC:  1    Str: 11    XL:     7   Next: 27%
Magic:  10/10      EV: 14    Int: 14    God:    Gozag
Gold:   567        SH:  0    Dex: 14    Spells: 10/10 levels left

rFire   . . .        a - +0 falchion
rCold   . . .        (no shield)
rNeg    . . .        (helmet restricted)
rPois   .            o - amulet of magic regeneration
rElec   .            (no ring)
rCorr   .            (no ring)
SInv    .            (no ring)
Will    .....        (no ring)
Stlth   +++++        (no ring)
HPRegen 0.28/turn    (no ring)
MPRegen 0.52/turn    (no ring)
                     (no ring)

%: no passive effects
@: mighty, on berserk cooldown, slowed, very slow
A: almost no armour, amphibious, 8 rings, camouflage 1, gelatinous body 1,
(nimble swimmer 1), tentacles
a: Renounce Religion, Potion Petition, Call Merchant, Bribe Branch


You were on level 3 of the Dungeon.
You worshipped Gozag.
Gozag was pleased with you.
You visited 1 branch of the dungeon, and saw 5 of its levels.

You collected 570 gold pieces.
You paid 3 gold pieces to Gozag.

Inventory:

Hand Weapons
 a - a +0 falchion (weapon)
 r - the +12 spear of Precise Incision {heavy, ^Drain rElec Will++ rCorr}
   (You found it on level 2 of the Dungeon)

   rElec:     It insulates you from electricity.
   Will++:    It greatly increases your willpower.
   rCorr:     It protects you from acid and corrosion.
   ^Drain:    It drains your maximum health when unequipped.
 s - a +0 dagger
Missiles
 g - 2 javelins
 p - 2 boomerangs (quivered)
Jewellery
 o - an amulet of magic regeneration (around mantle)
 q - a ring of fire
 u - an amulet of regeneration
Wands
 f - a wand of digging (3)
 i - a wand of quicksilver (6)
Scrolls
 b - a scroll of fog
 d - 2 scrolls of fear
 e - 6 scrolls of identify {unknown}
 h - a scroll of enchant armour {unknown}
 l - 2 scrolls of teleportation {unknown}
 m - a scroll of enchant weapon {unknown}
 v - a scroll of amnesia {unknown}
Potions
 c - a potion of enlightenment {unknown}
 j - a potion of lignification {unknown}
 k - a potion of heal wounds {unknown}
 n - a potion of might
 t - a potion of berserk rage


   Skills:
 * Level 4.1 Fighting
 + Level 0.9(2.4) Short Blades
 * Level 3.6(3.7) Long Blades
 * Level 3.2 Dodging
 + Level 9.2 Stealth
 * Level 2.4 Spellcasting


You had 10 spell levels left.
You didn't know any spells.
Your spell library was empty.

Dungeon Overview and Level Annotations

Branches:
Dungeon (5/15)
 Temple: D:4-7

Altars:
Gozag

Shops:
D:5 (

Annotations:
D:4 Grinder
D:5 Blork the orc


Innate Abilities, Weirdness & Mutations

You cannot wear most types of armour.
You are amphibious.
You can wear up to eight rings at the same time.
Your skin changes colour to match your surroundings (Stealth+).
Your rubbery body absorbs attacks. (AC +1, EV +1)
((You are camouflaged when in or above water. (Stealth+)))
You have tentacles for arms and can constrict up to eight enemies at once.


Message History

You feel sick.
Things that are here:
4 gold pieces; a +0 dagger You feel sick.
The kobold shouts!
The kobold brigand hits you with a +0 club.
* * * LOW HITPOINT WARNING * * *
Things that are here:
6 gold pieces; a +0 club You closely miss the kobold brigand.
You grab the kobold brigand. You constrict the kobold brigand.
You feel sick.
The kobold brigand hits you with a +0 club!
* * * LOW HITPOINT WARNING * * *
You slash the kobold brigand!
The kobold brigand is severely wounded.
You constrict the kobold brigand.
You feel sick.
The kobold brigand hits you with a +0 club.
* * * LOW HITPOINT WARNING * * *
The kobold brigand hits you with a +0 club.
* * * LOW HITPOINT WARNING * * *
The kobold shouts!
You slash the kobold brigand!
You kill the kobold brigand!
You feel sick.
You are no longer poisoned.
The kobold is distracted by your dazzling golden aura.
The kobold shouts!
You hit the kobold.
You kill the kobold!
The hobgoblin is distracted by your dazzling golden aura.
The hobgoblin shouts!
You slash the kobold!
You kill the kobold!
You are no longer berserk.
You are exhausted.
You feel as though you will be slow longer.
The hobgoblin is no longer distracted by gold.
The kobold hits you with a +0 spear.
You die...
Your body crumbles into a pile of gold.

#...# ####.###### ##.##
#.........# #.#
#......##.# #)#
#.#....##.# #.#
#......##.####
#)######.#....##.#~~~
#.....#######....~~~~
##$####.....###~~~~≈~
#.$@KK.g... ######≈
#..$..##### ##
#######≈≈~### KK
#~~~~~~~~### #..
##~~~~~~~~~# ###
###~~~....#
######.###.######
#######......# #.......
#.......####.###.######


You could see a hobgoblin and 2 kobolds.

Vanquished Creatures
  Sigmund (D:2)
  A centaur (D:5)
  A kobold brigand (D:3)
  Jessica (D:2)
  Natasha (thrice) (D:2)
  An orc wizard (D:5)
  2 adders (D:2)
  A ribbon worm (D:3)
  4 dart slugs
  9 orcs
  2 bats
  6 endoplasms
  2 giant cockroaches (D:1)
  3 goblins
  7 hobgoblins
  2 quokkas
  4 ball pythons
  6 frilled lizards
  13 kobolds
  3 rats
72 creatures vanquished.

Notes
Turn   | Place    | Note
-------+----------+-------------------------------------------
     0 | D:5      | Esekla the Octopode Delver began the quest for the Orb.
     0 | D:5      | Reached XP level 1. HP: 16/16 MP: 1/1
     0 | D:5      | Noticed a centaur
     0 | D:5      | Found an opulent altar of Gozag.
    13 | D:5      | Noticed Blork the orc
    62 | D:5      | Found Woantunei's Antique Weapon Shop.
   139 | D:5      | Noticed an orc wizard
   184 | D:5      | Noticed a hound
   196 | D:5      | Killed an orc wizard
   197 | D:5      | Reached skill level 7 in Stealth
   197 | D:5      | Reached XP level 2. HP: 21/21 MP: 2/2
   197 | D:5      | Reached XP level 3. HP: 26/26 MP: 3/3
   254 | D:5      | Became a worshipper of Gozag Ym Sagoz the Greedy
   265 | D:5      | Killed a centaur
   266 | D:5      | Reached skill level 1 in Spellcasting
   266 | D:5      | Reached XP level 4. HP: 31/31 MP: 5/5
   346 | D:4      | Reached XP level 5. HP: 31/36 MP: 6/6
   449 | D:4      | Noticed an ogre
   452 | D:4      | Noticed Grinder
   572 | D:2      | Noticed Natasha
   579 | D:2      | Killed Natasha
   580 | D:2      | Reached skill level 8 in Stealth
   597 | D:2      | Noticed Jessica
   602 | D:2      | Killed Jessica
   985 | D:2      | Noticed Sigmund
   991 | D:2      | Killed Sigmund
   992 | D:2      | Reached XP level 6. HP: 37/43 MP: 7/9
   995 | D:2      | Identified the +12 spear of Precise Incision {heavy, ^Drain
                  | rElec Will++ rCorr}
  1746 | D:2      | Noticed Natasha
  1756 | D:2      | Killed Natasha
  1812 | D:2      | Noticed Natasha
  1822 | D:2      | Killed Natasha
  1823 | D:2      | Reached skill level 9 in Stealth
  1823 | D:2      | Reached XP level 7. HP: 26/48 MP: 10/10
  3404 | D:3      | HP: 3/72 [kobold brigand/+0 club (5)]
  3408 | D:3      | Slain by a kobold

Illustrated notes

Levels and vault maps discovered:
D:1:      kennysheep_arrival_seaside, layout_loops_ring, serial_forest,
          infiniplex_forest_lined_ring, infiniplex_forest_straight_3,
          infiniplex_forest_diagonal, infiniplex_forest_straight_2,
          infiniplex_forest_clump_medium
D:2:      minmay_inner_zag, layout_loops_ring, serial_forest,
          infiniplex_forest_clump_medium, infiniplex_forest_clump_medium,
          infiniplex_forest_lined_3, infiniplex_forest_clump_diagonal,
          infiniplex_forest_clump_curved, infiniplex_forest_clump_double,
          infiniplex_forest_diagonal, infiniplex_forest_clump_double,
          infiniplex_forest_corner_1, infiniplex_forest_end_3, uniq_sigmund,
          uniq_jessica, uniq_natasha
D:3:      cheibrodos_thug_alley, layout_loops_corners,
          nicolae_wu_jian_immortal_techniques, st_stairs_8
D:4:      layout_loops_ring, fiery_altar_vehumet,
          minmay_temple_entry_proselytizer, uniq_grinder
D:5:      layout_cave_pools, marbit_many_paths,
          mainiacjoe_overflow_surrounded_room, serial_shops, kennysheep_mini,
          uniq_blork_the_orc

Skill      XL: |  1  2  3  4  5  6 |
---------------+-------------------+-----
Stealth        | 7 8 9 |  9.2
Spellcasting   | 1 2 |  2.4
Long Blades    | 3 |  3.6
Dodging        | 3 |  3.2
Fighting       | 4 |  4.1
Short Blades   | |  0.9

Action                     |  1- 3 |  4- 6 |  7- 9 || total
---------------------------+-------+-------+-------++-------
  Melee: Falchion          |    15 |    40 |   184 ||   239
         Constrict         |     6 |    18 |     9 ||    33
         Tentacles         |     4 |    16 |    63 ||    83
         Dagger            |     1 |    43 |    10 ||    54
         Punch             |     1 |     1 |     1 ||     3
    Use: Potion            |     1 |       |     2 ||     3
         Scroll            |     1 |       |       ||     1
   Stab: Sleeping          |     1 |    23 |     8 ||    32
         Distracted        |       |     1 |     1 ||     2
 Armour: Skin              |     1 |    19 |    11 ||    31
  Dodge: Dodged            |     8 |    27 |     9 ||    44
